3A
MANCELONA TORCH @ IDAHO FALLS CHUKARS
06/14/2038
 
TOP OF THE 1ST
Mancelona Torch batting - Pitching for Idaho Falls Chukars : RHP Nicolaas Eland
Pitching: RHP Nicolaas Eland
Batting: RHB Thinley Tshering 0-0: Called Strike
0-1: SINGLE (Line Drive, 6M, EV 101.2 MPH)
Batting: RHB Tristan Powell 0-0: Ball
1-0: Ball
2-0: Called Strike
2-1: Foul Ball, location: 2F
2-2: Foul Ball, location: 2F
2-2: Fly out, F8 (Flyball, 89D, EV 79.4 MPH)
Runner from 1st tags up, SAFE at 2nd
Batting: LHB Diego Alejandro Ureña 0-0: Ball
1-0: Fly out, F9 (Line Drive, 9D, EV 93.8 MPH)
Runner from 2nd tags up, SAFE at 3rd, no throw by RF
Batting: RHB Cam Lumsden 0-0: Ball
1-0: Ball
2-0: Ball
3-0: Called Strike
3-1: Foul Ball, location: 2F
3-2: Strikes out looking
Top of the 1st over - 0 runs, 1 hit, 0 errors, 1 left on base; Mancelona 0 - Idaho Falls 0
BOTTOM OF THE 1ST
Idaho Falls Chukars batting - Pitching for Mancelona Torch : RHP Larry Walsh
Pitching: RHP Larry Walsh
Batting: LHB Antoine Studdard 0-0: Ground out 1-3 (Groundball, 25, EV 83.8 MPH)
Batting: RHB César Vélez 0-0: Called Strike
0-1: Ball
1-1: Swinging Strike
1-2: Ground out 5-3 (Groundball, 56S, EV 70.6 MPH)
Batting: RHB Falco Opsteegh 0-0: SINGLE (Groundball, 4MD, EV 103.1 MPH)
Batting: SHB Koryusai Ohayashi 0-0: Ball
1-0: Ball
2-0: Called Strike
2-1: SINGLE (Line Drive, 34, EV 103.8 MPH)
Falco Opsteegh to second
Batting: RHB Richard Forrest 0-0: Ball
1-0: Ball
2-0: Ball
3-0: Base on Balls
Falco Opsteegh to third
Koryusai Ohayashi to second
Batting: SHB Joe Middleton 0-0: Called Strike
0-1: Ball
1-1: Foul Ball, location: 2F
1-2: Fly out, F9 (Line Drive, 9, EV 98.1 MPH)
Bottom of the 1st over - 0 runs, 2 hits, 0 errors, 3 left on base; Mancelona 0 - Idaho Falls 0
TOP OF THE 2ND
Mancelona Torch batting - Pitching for Idaho Falls Chukars : RHP Nicolaas Eland
Batting: SHB Silvio Capitanio 0-0: Called Strike
0-1: Called Strike
0-2: Ball
1-2: Strikes out looking
Batting: RHB Juan Barrón 0-0: Ball
1-0: SINGLE (Groundball, 34D, EV 98.1 MPH)
Batting: LHB Jared Schneider 0-0: Ball
Juan Barrón steals 2nd base
1-0: Ball
2-0: Fly out, F6 (Popup, 6M, EV 60.0 MPH)
Batting: SHB César Enríques 0-0: Ground out 1-3 (Groundball, 23, EV 71.9 MPH)
Top of the 2nd over - 0 runs, 1 hit, 0 errors, 1 left on base; Mancelona 0 - Idaho Falls 0
BOTTOM OF THE 2ND
Idaho Falls Chukars batting - Pitching for Mancelona Torch : RHP Larry Walsh
Batting: SHB Oscar Henson 0-0: SOLO HOME RUN (Flyball, 9D, EV 94.4 MPH), Distance : 385 ft
Batting: RHB Jon Walker 0-0: Called Strike
0-1: Hit by Pitch, AND HE CHARGES THE MOUND! The benches clear!
Pitching: RHP George Kipcak
Pinch Runner at 1st Emosi Whiu:
Batting: RHB Javier Botín 0-0: Swinging Strike
0-1: Foul Ball, location: 2F
0-2: Strikes out swinging
Batting: LHB Antoine Studdard 0-0: Foul Ball, location: 2F
0-1: Swinging Strike
0-2: Ball
1-2: Foul Ball, location: 2F
1-2: Strikes out swinging
Batting: RHB César Vélez 0-0: Ball
1-0: Foul Ball, location: 2F
1-1: Foul Ball, location: 2F
1-2: Ball
Wild Pitch!
Emosi Whiu to second
2-2: Foul Ball, location: 2F
2-2: Ball
3-2: SINGLE (Groundball, 6D, EV 100.6 MPH)
Emosi Whiu to third
Emosi Whiu scores
Batting: RHB Falco Opsteegh 0-0: Ball
1-0: Ball
2-0: Ball
3-0: Called Strike
3-1: Swinging Strike
3-2: SINGLE (Groundball, 13S, EV 77.5 MPH) (infield hit)
César Vélez to second
Batting: SHB Koryusai Ohayashi 0-0: Ball
1-0: Foul Ball, location: 2F
1-1: Called Strike
1-2: Fly out, F8 (Line Drive, 8RD, EV 88.8 MPH)
Bottom of the 2nd over - 2 runs, 3 hits, 0 errors, 2 left on base; Mancelona 0 - Idaho Falls 2
TOP OF THE 3RD
Mancelona Torch batting - Pitching for Idaho Falls Chukars : RHP Nicolaas Eland
Now at 1B: Jesús Sánchez
Batting: RHB Joe Havermeyer 0-0: Fly out, F8 (Flyball, 8RM, EV 89.4 MPH)
Batting: RHB Thinley Tshering 0-0: Ball
1-0: Called Strike
1-1: Swinging Strike
1-2: Foul Ball, location: 2F
1-2: Ball
2-2: SINGLE (Groundball, 4, EV 100.6 MPH) (infield hit)
Pinch Runner at 1st Mike Stevens:
Batting: RHB Tristan Powell 0-0: Called Strike
0-1: Ball
1-1: Called Strike
Mike Stevens steals 2nd base
1-2: Foul Ball, location: 2F
1-2: SINGLE (Groundball, 34, EV 105.0 MPH) (infield hit)
Mike Stevens to third
Batting: LHB Diego Alejandro Ureña 0-0: Called Strike
Tristan Powell steals 2nd base (no throw)
0-1: Foul Ball, location: 2F
0-2: Strikes out swinging
Batting: RHB Cam Lumsden 0-0: Called Strike
0-1: Fly out, F9 (Flyball, 9LS, EV 89.4 MPH)
Top of the 3rd over - 0 runs, 2 hits, 0 errors, 2 left on base; Mancelona 0 - Idaho Falls 2
BOTTOM OF THE 3RD
Idaho Falls Chukars batting - Pitching for Mancelona Torch : RHP George Kipcak
Now in LF: Mike Stevens
Batting: RHB Richard Forrest 0-0: Called Strike
0-1: Ball
1-1: Called Strike
1-2: Strikes out swinging
Batting: SHB Joe Middleton 0-0: Ground out 6-3 (Groundball, 6, EV 86.9 MPH)
Batting: SHB Oscar Henson 0-0: Ball
1-0: Ball
2-0: Bunt for hit to 15S - play at first, batter OUT! 1-3
Bottom of the 3rd over - 0 runs, 0 hits, 0 errors, 0 left on base; Mancelona 0 - Idaho Falls 2
TOP OF THE 4TH
Mancelona Torch batting - Pitching for Idaho Falls Chukars : RHP Nicolaas Eland
Batting: SHB Silvio Capitanio 0-0: Swinging Strike
0-1: Swinging Strike
0-2: Strikes out swinging
Batting: RHB Juan Barrón 0-0: Called Strike
0-1: Ball
1-1: Ball
2-1: Foul Ball, location: 2F
2-2: Ball
3-2: Ground out 4-3 (Groundball, 4, EV 89.4 MPH)
Batting: LHB Jared Schneider 0-0: Ball
1-0: Fly out, F4 (Popup, 34, EV 72.5 MPH)
Top of the 4th over - 0 runs, 0 hits, 0 errors, 0 left on base; Mancelona 0 - Idaho Falls 2
BOTTOM OF THE 4TH
Idaho Falls Chukars batting - Pitching for Mancelona Torch : RHP George Kipcak
Batting: SHB Jesús Sánchez 0-0: Ball
1-0: Foul Ball, location: 2F
1-1: Called Strike
1-2: Fly out, F8 (Flyball, 8RXD, EV 80.6 MPH)
Batting: RHB Javier Botín 0-0: Called Strike
0-1: Foul Ball, location: 2F
0-2: Hit by Pitch
Batting: LHB Antoine Studdard 0-0: Ball
1-0: Foul Ball, location: 2F
1-1: Ball
2-1: Foul Ball, location: 2F
2-2: Ball
3-2: Foul Ball, location: 2F
3-2: SINGLE (Groundball, 25, EV 66.2 MPH) (infield hit)
Javier Botín to second
Batting: RHB César Vélez 0-0: Ball
Javier Botín steals 3rd base (no throw)
1-0: Foul Ball, location: 2F
1-1: Ball
2-1: Foul Ball, location: 2F
2-2: Ball
3-2: Strikes out looking
Antoine Studdard steals 2nd base
Batter strikes out.
Batting: RHB Falco Opsteegh 0-0: SINGLE (Line Drive, 5D, EV 110.0 MPH)
Javier Botín scores
Antoine Studdard to third
Batting: SHB Koryusai Ohayashi 0-0: Swinging Strike
0-1: Ball
Wild Pitch!
Antoine Studdard scores
Falco Opsteegh to second
1-1: SINGLE (Groundball, 56D, EV 104.4 MPH)
Falco Opsteegh to third
Runner from 3rd tries for Home, throw by LF and OUT! 7-2
Bottom of the 4th over - 2 runs, 3 hits, 0 errors, 1 left on base; Mancelona 0 - Idaho Falls 4
TOP OF THE 5TH
Mancelona Torch batting - Pitching for Idaho Falls Chukars : RHP Nicolaas Eland
Batting: SHB César Enríques 0-0: SINGLE (Line Drive, 7S, EV 100.0 MPH)
Batting: RHB Joe Havermeyer 0-0: SINGLE (Groundball, 34S, EV 71.2 MPH) (infield hit)
César Enríques to second
Batting: LHB Mike Stevens 0-0: Grounds into double play, 4-6-3 (Groundball, 4M, EV 102.5 MPH)
César Enríques to third
Batting: RHB Tristan Powell 0-0: Ball
1-0: Ball
2-0: Reached on error, E5 (Groundball, 56S, EV 80.0 MPH)
César Enríques scores
Batting: LHB Diego Alejandro Ureña 0-0: Fly out, F8 (Line Drive, 8LM, EV 109.4 MPH)
Top of the 5th over - 1 run, 2 hits, 1 error, 1 left on base; Mancelona 1 - Idaho Falls 4
BOTTOM OF THE 5TH
Idaho Falls Chukars batting - Pitching for Mancelona Torch : RHP George Kipcak
Batting: RHB Richard Forrest 0-0: Ball
1-0: Called Strike
1-1: Ball
2-1: Foul Ball, location: 2F
2-2: Foul Ball, location: 2F
2-2: DOUBLE (Flyball, 8RXD, EV 90.0 MPH)
Batting: SHB Joe Middleton 0-0: Called Strike
0-1: Swinging Strike
0-2: Strikes out swinging
Batting: SHB Oscar Henson 0-0: Ball
1-0: Ball
2-0: Ground out 4-3 (Groundball, 34, EV 86.9 MPH)
Richard Forrest to third
Pitching: LHP Jian-gun Lin
Batting: SHB Jesús Sánchez 0-0: Ball
1-0: Ball
2-0: Swinging Strike
2-1: Ball
3-1: Base on Balls
Batting: RHB Javier Botín 0-0: Ball
1-0: Swinging Strike
1-1: Foul Ball, location: 2F
1-2: Strikes out swinging
Bottom of the 5th over - 0 runs, 1 hit, 0 errors, 2 left on base; Mancelona 1 - Idaho Falls 4
TOP OF THE 6TH
Mancelona Torch batting - Pitching for Idaho Falls Chukars : RHP Nicolaas Eland
Batting: RHB Cam Lumsden 0-0: Swinging Strike
0-1: Foul Ball, location: 2F
0-2: Ball
1-2: Strikes out swinging
Batting: SHB Silvio Capitanio 0-0: Foul Ball, location: 2F
0-1: Called Strike
0-2: Foul Ball, location: 2F
0-2: Ball
1-2: Foul Ball, location: 2F
1-2: Strikes out swinging
Batting: RHB Juan Barrón 0-0: Called Strike
0-1: Ball
1-1: Ground out 4-3 (Groundball, 4S, EV 76.9 MPH)
Top of the 6th over - 0 runs, 0 hits, 0 errors, 0 left on base; Mancelona 1 - Idaho Falls 4
BOTTOM OF THE 6TH
Idaho Falls Chukars batting - Pitching for Mancelona Torch : LHP Jian-gun Lin
Batting: LHB Antoine Studdard 0-0: Ball
1-0: Ball
2-0: Called Strike
2-1: Ground out 4-3 (Groundball, 4, EV 90.6 MPH)
Batting: RHB César Vélez 0-0: Ball
1-0: Fly out, F8 (Line Drive, 8RD, EV 93.1 MPH)
Batting: RHB Falco Opsteegh 0-0: Called Strike
0-1: Ball
1-1: Foul Ball, location: 2F
1-2: Foul Ball, location: 2F
1-2: Ball
2-2: Ball
3-2: Base on Balls
Batting: SHB Koryusai Ohayashi 0-0: Ball
1-0: Ball
2-0: Foul Ball, location: 2F
2-1: SINGLE (Line Drive, 8RS, EV 95.0 MPH)
Falco Opsteegh to second
Runner from 2nd tries for 3rd, SAFE, no throw by CF
Batting: RHB Richard Forrest 0-0: Ball
1-0: Swinging Strike
1-1: Ball
2-1: SINGLE (Line Drive, 9S, EV 93.1 MPH)
Falco Opsteegh scores
Koryusai Ohayashi to second
Runner from 2nd tries for 3rd, SAFE, throw by RF made to third
Batting: SHB Joe Middleton 0-0: Ball
Passed Ball!
Koryusai Ohayashi scores
Richard Forrest to second
1-0: Swinging Strike
1-1: Called Strike
1-2: Ball
2-2: Ball
3-2: Base on Balls
Batting: SHB Oscar Henson 0-0: Ball
1-0: Called Strike
1-1: Swinging Strike
1-2: Strikes out swinging
Bottom of the 6th over - 2 runs, 2 hits, 0 errors, 2 left on base; Mancelona 1 - Idaho Falls 6
TOP OF THE 7TH
Mancelona Torch batting - Pitching for Idaho Falls Chukars : RHP Nicolaas Eland
Batting: LHB Jared Schneider 0-0: Ball
1-0: Foul Ball, location: 2F
1-1: Swinging Strike
1-2: Ball
2-2: Strikes out swinging
Batting: SHB César Enríques 0-0: Called Strike
0-1: Ball
1-1: Ball
2-1: Ground out 4-3 (Groundball, 4, EV 93.1 MPH)
Batting: RHB Joe Havermeyer 0-0: Called Strike
0-1: Ball
1-1: Fly out, F3 (Line Drive, 3, EV 63.8 MPH)
Top of the 7th over - 0 runs, 0 hits, 0 errors, 0 left on base; Mancelona 1 - Idaho Falls 6
BOTTOM OF THE 7TH
Idaho Falls Chukars batting - Pitching for Mancelona Torch : LHP Jian-gun Lin
Batting: SHB Jesús Sánchez 0-0: Swinging Strike
0-1: Foul Ball, location: 2F
0-2: Foul Ball, location: 2F
0-2: Ground out 5-3 (Groundball, 56S, EV 88.8 MPH)
Batting: RHB Javier Botín 0-0: Ball
1-0: Ball
2-0: Called Strike
2-1: Ball
3-1: Foul Ball, location: 2F
3-2: Base on Balls
Pitching: RHP Yong-oon Cho
Batting: LHB Antoine Studdard 0-0: Ball
1-0: Ball
2-0: SINGLE (Groundball, 4MD, EV 98.8 MPH)
Javier Botín to second
Runner from 2nd tries for 3rd, SAFE, no throw by CF
Batting: RHB César Vélez 0-0: Ball
1-0: Ball
2-0: Called Strike
2-1: Fly out, F9 (Flyball, 9LSF, EV 96.2 MPH)
Runner from 3rd tags up, SCORES, no throw by RF
Batting: RHB Falco Opsteegh 0-0: Ball
1-0: Foul Ball, location: 2F
1-1: Fly out, F7 (Flyball, 78S, EV 86.2 MPH)
Bottom of the 7th over - 1 run, 1 hit, 0 errors, 1 left on base; Mancelona 1 - Idaho Falls 7
TOP OF THE 8TH
Mancelona Torch batting - Pitching for Idaho Falls Chukars : RHP Nicolaas Eland
Batting: LHB Mike Stevens 0-0: Ball
1-0: Ball
2-0: Called Strike
2-1: Ball
3-1: Foul Ball, location: 2F
3-2: Foul Ball, location: 2F
3-2: Fly out, F9 (Line Drive, 9, EV 90.0 MPH)
Batting: RHB Tristan Powell 0-0: Ground out 4-3 (Groundball, 4, EV 101.2 MPH)
Batting: LHB Diego Alejandro Ureña 0-0: Swinging Strike
0-1: Ball
1-1: Ball
2-1: Ball
3-1: Base on Balls
Batting: RHB Cam Lumsden 0-0: Fielders Choice at 2nd, 6-4 (Groundball, 6, EV 96.9 MPH)
Top of the 8th over - 0 runs, 0 hits, 0 errors, 1 left on base; Mancelona 1 - Idaho Falls 7
BOTTOM OF THE 8TH
Idaho Falls Chukars batting - Pitching for Mancelona Torch : RHP Yong-oon Cho
Batting: SHB Koryusai Ohayashi 0-0: Ball
1-0: Called Strike
1-1: Foul Ball, location: 2F
1-2: Foul Ball, location: 2F
1-2: Foul Ball, location: 2F
1-2: Ground out 6-3 (Groundball, 6MS, EV 72.5 MPH)
Batting: RHB Richard Forrest 0-0: Foul Ball, location: 2F
0-1: Fly out, F9 (Flyball, 9LSF, EV 82.5 MPH)
Batting: SHB Joe Middleton 0-0: Called Strike
0-1: Swinging Strike
0-2: Strikes out swinging
Bottom of the 8th over - 0 runs, 0 hits, 0 errors, 0 left on base; Mancelona 1 - Idaho Falls 7
TOP OF THE 9TH
Mancelona Torch batting - Pitching for Idaho Falls Chukars : RHP Nicolaas Eland
Batting: SHB Silvio Capitanio 0-0: Foul Ball, location: 2F
0-1: Ground out 1-3 (Groundball, P, EV 90.6 MPH)
Batting: RHB Juan Barrón 0-0: Ball
1-0: Ball
2-0: Swinging Strike
2-1: Foul Ball, location: 2F
2-2: Ball
3-2: Base on Balls
Batting: LHB Jared Schneider 0-0: SINGLE (Line Drive, 34D, EV 103.8 MPH)
Juan Barrón to second
Pitching: RHP Muoi Hoan
Batting: SHB César Enríques 0-0: Foul Ball, location: 2F
0-1: Ball
1-1: Called Strike
1-2: Fly out, F9 (Line Drive, 9D, EV 104.4 MPH)
Runner from 2nd tags up, SAFE at 3rd, no throw by RF
Batting: RHB Joe Havermeyer 0-0: Fly out, F8 (Flyball, 8RD, EV 76.2 MPH)
Top of the 9th over - 0 runs, 1 hit, 0 errors, 2 left on base; Mancelona 1 - Idaho Falls 7
Friday, April 17th, 2020 - OOTP Baseball 20.8 Build 74